 Dungeon Crawl Stone Soup version 0.27-a0-1228-gfd60fd639a (webtiles) character file.

Game seed: 7820402410620857073

2 dickylongcocking the Magician (level 1, -3/15 HPs)
             Began as a Djinni Fire Elementalist on June 7, 2021.
             Killed from afar by a dart slug (4 damage)
             ... with a slug dart
             ... on level 1 of the Dungeon.
             The game lasted 00:00:15 (34 turns).

dickylongcocking the Magician (DjFE)                  Turns: 34, Time: 00:00:16

Health: -3/15      AC:  2    Str:  7    XL:     1   Next: 33%
Gold:   0          EV: 12    Int: 16    God:
                   SH:  0    Dex: 13

rFire    + + .     SeeInvis .   b - staff of cold
rCold    . . .     Faith    .   (no shield)
rNeg     . . .     Spirit   .   a - +0 robe
rPois    ∞         Reflect  .   (no helmet)
rElec    .         Harm     .   (no cloak)
rCorr    .         Rampage  .   (no gloves)
Will     .....                  (boots unavailable)
Stlth    ++........             (no amulet)
HPRegen  0.05/turn              (no ring)
MPRegen  0.00/turn              (no ring)

@: flying, very slightly contaminated
A: sickness immunity, fire resistance 2, cold vulnerability 1, float, innate
caster, hp casting, extra vitality 1
a: no special abilities


You were on level 1 of the Dungeon.
You visited 1 branch of the dungeon, and saw 1 of its levels.

Inventory:

Armour
 a - a +0 robe (worn)
Magical Staves
 b - a staff of cold (weapon)


   Skills:
 * Level 0.3 Fighting
 - Level 2.1 Dodging
 - Level 1.5 Stealth
 * Level 2.4 Spellcasting


You couldn't memorise any spells.
You knew the following spells:

 Your Spells              Type           Power      Damage    Failure   Level
a - Foxfire               Conj/Fire      36%        2x1d5     7%          1
b - Conjure Flame         Conj/Fire      9%         6-21      22%         3
c - Inner Flame           Hex/Fire       9%         N/A       22%         3
d - Sticky Flame          Conj/Fire      9%         2d3       56%         4
e - Fireball              Conj/Fire      4%         3d4       89%         5
Your spell library was empty.

Dungeon Overview and Level Annotations

Branches:
Dungeon (1/15)

Altars:


Innate Abilities, Weirdness & Mutations

You are immune to sickness and miasma.
You are immune to poison.
Your flesh is very heat resistant. (rF++)
You are vulnerable to cold. (rC-)
You float through the air rather than walking.
You learn spells naturally, not from books.
Your magical power is your life essence.
You have superior vitality. (+4 HP)


Message History

You kill the goblin!
Your foxfire dissipates!
The goblin shouts!
The foxfire hits the goblin.
The goblin is severely wounded.
You conjure some foxfire!
A dart slug comes into view.
The goblin hits you with a +0 dagger.
You miscast Foxfire.
You are very lightly contaminated with residual magic.
Nothing appears to happen.
The foxfire hits the goblin.
You kill the goblin!
The dart slug launches a dart at you. The slug dart misses you.
A dart slug is nearby!
Unknown command.
You see here a +0 dagger.
Casting: Foxfire (safe; 7% risk of failure)
Confirm with . or Enter, or press ? or * to list all spells.
You conjure some foxfire!
Your foxfire dissipates!
Unknown command.
Unknown command.
Your foxfire dissipates!
The foxfire hits the dart slug.
The dart slug is moderately wounded.
The dart slug launches a dart at you. The slug dart hits you.
* * * LOW HITPOINT WARNING * * *
Found 13 gold pieces.
Unknown command.
A dart slug is nearby!
You aren't carrying any potions.
Unknown command.
Casting: Foxfire (safe; 7% risk of failure)
Confirm with . or Enter, or press ? or * to list all spells.
You conjure some foxfire!
* * * LOW HITPOINT WARNING * * *
The dart slug launches a dart at you. The slug dart hits you.
You die...

.# ## .. ... .# # #..#
.#.# #..# ###w#.# #
###..# #.....
#.#....######.#.#.##$.
.#.#.#...##...v@)......
..§..........)v....##..
#.........###....#
##.......## ##...#
#.......# ..##
##.......## ..#
###.........### ..#
.................##
................


You could see a dart slug (ally target).

Vanquished Creatures
  2 goblins (D:1)
2 creatures vanquished.

Vanquished Creatures (others)
  10 foxfires (D:1)
10 creatures vanquished.

Grand Total: 12 creatures vanquished

Notes
Turn   | Place    | Note
-------+----------+-------------------------------------------
     0 | D:1      | dickylongcocking the Djinni Fire Elementalist began the
                  | quest for the Orb.
     0 | D:1      | Reached XP level 1. HP: 15/15 MP: 0/0
    34 | D:1      | Killed from afar by a dart slug

Illustrated notes

Levels and vault maps discovered:
D:1:      minmay_arrival_four_circles, layout_loops_ring,
          shapermc_ecumenical_altar_mp_urbaneastern, minmay_shallow_snake_nest

Action                   || total
-------------------------++-------
 Cast: Foxfire           ||     7
Dodge: Dodged            ||     1

Table legend: (Time is in decaauts)
 A = Elapsed time spent in this place.
 B = Non-inter-level travel time spent in this place.
 C = Inter-level travel time spent in this place.
 D = Time resting spent in this place.
 E = Time spent auto-exploring this place.
 F = Levels seen in this place.
 G = Mean time per level.
                   A        B        C        D        E       F      G
               +--------+--------+--------+--------+--------+-----+--------+
         Total |     33 |     33 |      0 |      0 |      8 |   1 |   33.0 |
       Dungeon |     33 |     33 |      0 |      0 |      8 |   1 |   33.0 |
               +--------+--------+--------+--------+--------+-----+--------+

Top non-repeatable levels by time:
     D:1: 33 daAuts
